 Dungeon Crawl Stone Soup version 0.28-a0-691-gad6df49e81 (webtiles) character file.

Game seed: 3959778796201026307

588 timneilson the Shield-Bearer (level 7, -1/44 HPs)
             Began as a Gargoyle Fighter on Oct 20, 2021.
             Slain by Sigmund (2 damage)
             ... on level 4 of the Dungeon.
             The game lasted 00:06:17 (3663 turns).

timneilson the Shield-Bearer (Gargoyle Fighter)     Turns: 3663, Time: 00:06:18

Health: -1/44      AC: 15    Str: 19 (21) XL:     7   Next: 38%
Magic:  16/16      EV: 10    Int: 12 (14) God:
Gold:   103        SH:  4    Dex:  6      Spells: 6/6 levels left

rFire   + + .      SeeInvis .   a - +0 long sword
rCold   . . .      Faith    .   c - +0 buckler
rNeg    + . .      Spirit   .   b - +0 scale mail
rPois   ∞          Reflect  .   (no helmet)
rElec   +          Harm     .   (no cloak)
rCorr   .          Rampage  .   k - +0 pair of gloves
Will    .....                   j - +1 pair of boots
Stlth   ..........              (no amulet)
HPRegen 0.14/turn               l - ring "Cauli" {rF++ MP+9 Int+5 Dex-3}
MPRegen 0.15/turn               (no ring)

@: mighty
A: sickness immunity, AC +4, negative energy resistance 1, electricity
resistance, torment resistance 1, petrification resistance
a: no special abilities


You were on level 4 of the Dungeon.
You visited 1 branch of the dungeon, and saw 4 of its levels.

You collected 103 gold pieces.

Inventory:

Hand Weapons
 a - a +0 long sword (weapon)
Armour
 b - a +0 scale mail (worn)
 c - a +0 buckler (worn)
 j - a +1 pair of boots (worn)
 k - a +0 pair of gloves (worn)
Jewellery
 l - the ring "Cauli" (left hand) {rF++ MP+9 Int+5 Dex-3}
   (You acquired it on level 2 of the Dungeon)

   [ring of magical power]

   Int:       It affects your intelligence (+5).
   Dex:       It affects your dexterity (-3).
   rF:        It greatly protects you from fire.
   MP:        It affects your magic capacity (+9).
Scrolls
 f - a scroll of teleportation
 i - a scroll of enchant armour
Potions
 e - a potion of flight {unknown}
 h - a potion of attraction {unknown}


   Skills:
 + Level 4.4 Fighting
 * Level 3.8 Long Blades
 * Level 5.3 Armour
 + Level 1.9 Dodging
 * Level 5.4 Shields


You had 6 spell levels left.
You didn't know any spells.
Your spell library contained the following spells:

 Spells                   Type           Power      Damage    Failure   Level
 Gell's Gravitas          Tloc           0%         N/A       95%         3
 Teleport Other           Tloc           0%         N/A       95%         3
 Dispersal                Tloc           0%         N/A       100%        6


Dungeon Overview and Level Annotations

Branches:
Dungeon (4/15)
 Temple: D:4-7

Altars:
Elyvilon
Kikubaaqudgha
Yredelemnul

Annotations:
D:4 Sigmund


Innate Abilities, Weirdness & Mutations

You are immune to sickness and miasma.
Your stone body is resilient. (AC +4)
You are immune to poison.
You resist negative energy. (rN+)
You are resistant to electric shocks. (rElec)
You are resistant to unholy torment.
You are immune to petrification.


Message History

The centaur hits you but does no damage.
The centaur kicks you but does no damage.
The centaur hits you. The centaur barely misses you.
You barely miss the centaur.
The centaur is heavily wounded.
The centaur hits you but does no damage.
You block the centaur's attack.
A magic dart appears from out of thin air!
The magic dart hits you but does no damage.
The centaur closely misses you. You block the centaur's attack.
You hit the centaur.
The centaur is heavily wounded.
The centaur hits you but does no damage.
You block the centaur's attack. Something hits you!
* * * LOW HITPOINT WARNING * * *
The centaur closely misses you.
The centaur kicks you but does no damage.
You hit the centaur.
The centaur is severely wounded.
The centaur hits you but does no damage.
The centaur kicks you but does no damage.
Something hits you but does no damage.
You barely miss the centaur.
The centaur is severely wounded.
The centaur barely misses you. x2; The centaur completely misses you.
The centaur barely misses you. Something hits you but does no damage.
Unknown command.
You feel very mighty all of a sudden. The centaur closely misses you.
You block the centaur's attack. The centaur barely misses you.
The centaur kicks you but does no damage.
You slash the centaur!
You kill the centaur!
Something hits you but does no damage.
You feel your dexterity returning.
Unknown command.
Something hits you!
* * * LOW HITPOINT WARNING * * *
You closely miss something. Something hits you.
You die...

##..#........[...#.#...
#####........#....####
#.......##.....#
###....##.....##
.....##......#
...#####(#####... ###
#.....###.. #...).# .
#...@.# #.....{#
...._.......
#......####... #.....##
...# #.....# ..#
#..(..# ... #### #..


There were no monsters in sight!

Vanquished Creatures
  A centaur (D:4)
  2 kobold brigands (D:3)
  A water moccasin skeleton (D:4)
  2 orc priests (D:3)
  2 orc wizards (D:3)
  8 gnolls
  6 adders
  2 dart slugs
  4 orcs
  3 bats
  7 endoplasms
  2 giant cockroaches
  5 goblins
  6 hobgoblins
  2 jackals (D:1)
  A quokka (D:1)
  8 ball pythons
  2 frilled lizards
  15 kobolds
  7 rats
86 creatures vanquished.

Vanquished Creatures (others)
  2 jackals (D:1)
2 creatures vanquished.

Grand Total: 88 creatures vanquished

Notes
Turn   | Place    | Note
-------+----------+-------------------------------------------
     0 | D:1      | timneilson the Gargoyle Fighter began the quest for the
                  | Orb.
     0 | D:1      | Reached XP level 1. HP: 14/14 MP: 1/1
   121 | D:1      | Reached XP level 2. HP: 19/19 MP: 2/2
   551 | D:1      | Reached XP level 3. HP: 23/23 MP: 3/3
  1521 | D:2      | Reached XP level 4. HP: 28/28 MP: 4/4
  1911 | D:2      | Reached XP level 5. HP: 31/33 MP: 5/5
  1913 | D:2      | Reached skill level 1 in Dodging
  2135 | D:2      | Found a faded altar of an unknown god.
  2245 | D:2      | Identified a scroll of acquirement
  2245 | D:2      | Acquired the ring "Cauli" {rF++ MP+9 Int+5 Dex-3}
  2359 | D:3      | Found an ancient bone altar of Kikubaaqudgha.
  2601 | D:3      | Reached XP level 6. HP: 38/38 MP: 6/6
  2959 | D:3      | Reached skill level 5 in Shields
  3203 | D:3      | Reached skill level 5 in Armour
  3215 | D:3      | Reached XP level 7. HP: 24/43 MP: 7/7
  3607 | D:4      | Found a basalt altar of Yredelemnul.
  3645 | D:4      | Found a white marble altar of Elyvilon.
  3650 | D:4      | Noticed Sigmund
  3662 | D:4      | HP: 1/44 [something (10)]
  3663 | D:4      | Slain by Sigmund

Illustrated notes

Levels and vault maps discovered:
D:1:      dpeg_arrival_rhombi, layout_loops_corners, glass_columns_c,
          lemuel_flame_loot_1
D:2:      layout_loops_cross, ebering_ecumenical_altar_rust
D:3:      cheibrodos_thug_alley, layout_rooms, lemuel_crystal_altar
D:4:      layout_cave_pools, kennysheep_mini_moat,
          nicolae_overflow_crystal_walls, mainiacjoe_overflow_chevrons,
          uniq_sigmund

Skill      XL: |  1  2  3  4  5  6 |
---------------+-------------------+-----
Long Blades    | 2 3 |  3.8
Shields        | 4 5 |  5.4
Armour         | 4 5 |  5.3
Dodging        | 1 |  1.9
Fighting       | 4 |  4.4

Action                   |  1- 3 |  4- 6 |  7- 9 || total
-------------------------+-------+-------+-------++-------
Melee: Long sword        |    95 |   208 |    34 ||   337
  Use: Scroll            |     2 |     2 |     1 ||     5
       Potion            |       |     3 |     1 ||     4
Armor: Scale mail        |    53 |   155 |    37 ||   245
Dodge: Dodged            |    32 |   128 |    24 ||   184
Block: Buckler           |    16 |    59 |     7 ||    82

Table legend: (Time is in decaauts)
 A = Elapsed time spent in this place.
 B = Non-inter-level travel time spent in this place.
 C = Inter-level travel time spent in this place.
 D = Time resting spent in this place.
 E = Time spent auto-exploring this place.
 F = Levels seen in this place.
 G = Mean time per level.
                   A        B        C        D        E       F      G
               +--------+--------+--------+--------+--------+-----+--------+
         Total |   3751 |   3668 |     83 |    277 |   2475 |   4 |  937.8 |
       Dungeon |   3751 |   3668 |     83 |    277 |   2475 |   4 |  937.8 |
               +--------+--------+--------+--------+--------+-----+--------+

Top non-repeatable levels by time:
     D:3: 1350 daAuts
     D:1: 1265 daAuts
     D:2: 1043 daAuts
     D:4: 91 daAuts
